 Dungeon Crawl Stone Soup version 0.31-a0-231-g51bb95cda3 (webtiles) character file.

Game seed: 18328676588019498063

124 qw the Shooter (level 4, -5/37 HPs)
             Began as a Minotaur Hexslinger on July 6, 2023.
             Slain by an orc priest
             ... wielding a +0 trident
              (6 damage)
             ... on level 3 of the Dungeon.
             The game lasted 00:00:35 (1853 turns).

qw the Shooter (Minotaur Hexslinger)                Turns: 1853, Time: 00:00:36

Health: -5/37      AC:  3    Str: 13    XL:     4   Next: 81%
Magic:  4/4        EV: 12    Int: 10    God:
Gold:   71         SH:  0    Dex: 14    Spells: 4/5 levels left

rFire   . . .        Y - +3 sling
rCold   . . .        (no shield)
rNeg    . . .        h - +0 leather armour
rPois   .            (helmet restricted)
rElec   .            (no cloak)
rCorr   .            (no gloves)
SInv    .            (no boots)
Will    .....        (no amulet)
Stlth   +            (no ring)
HPRegen 0.26/turn    (no ring)
MPRegen 0.09/turn

%: no passive effects
@: no status effects
A: horns 2, retaliatory headbutt
a: no special abilities


You were on level 3 of the Dungeon.
You visited 1 branch of the dungeon, and saw 3 of its levels.

You collected 99 gold pieces.
You spent 28 gold pieces at shops.


Innate Abilities, Weirdness & Mutations

You have a pair of horns on your head.
You reflexively headbutt those who attack you in melee.


   Skills:
 + Level 2.9 Fighting
 - Level 5.0 Ranged Weapons
 - Level 2.1 Dodging
 - Level 1.0 Spellcasting
 - Level 2.0 Hexes


You had 4 spell levels left.
You knew the following spells:

 Your Spells              Type           Power      Damage    Failure   Level
a - Slow                  Hex            16%        N/A       19%         1

Your spell library contained the following spells:

 Spells                   Type           Power      Damage    Failure   Level
 Inner Flame              Hex/Fire       2%         N/A       65%         3
 Portal Projectile        Hex/Tloc       4%         N/A       65%         3
 Cause Fear               Hex            2%         N/A       88%         4

Inventory:

Hand Weapons
 Y - a +3 sling (weapon)
Armour
 h - a +0 leather armour (worn)
 k - a +0 ring mail
Jewellery
 c - an amulet of regeneration
Scrolls
 f - a scroll of torment {unknown}
 i - 2 scrolls of butterflies {unknown}
Potions
 a - a potion of invisibility
 b - a potion of degeneration {unknown}
 d - a potion of lignification {unknown}
 e - a potion of heal wounds
 g - a potion of attraction {unknown}
 j - a potion of brilliance {unknown}

Dungeon Overview and Level Annotations

Branches:
Dungeon (3/15)

Altars:
Kikubaaqudgha

Shops:
D:1 [[[**


Message History

The orc barely misses you. The orc misses you.
You shoot a sling bullet. The sling bullet hits the orc.
You kill the orc!
k - a +0 ring mail
Things that are here:
a +0 short sword; a boomerang
Found a stone staircase leading up.
Enter note:
Enter note:
There is a stone staircase leading up here.
An orc comes into view. It is wielding a +0 arbalest.
The orc shouts!
You hear a shout!
The orc shoots a bolt.
The bolt barely misses you.
Enter note:
Enter note: You shoot a sling bullet.
The sling bullet closely misses the orc.
The orc shoots a bolt.
The bolt closely misses you.
An orc comes into view. It is wielding a +0 hand axe.
You shoot a sling bullet. The sling bullet hits the orc!
You kill the orc!
An orc comes into view. It is wielding a +0 mace.
You shoot a sling bullet.
The sling bullet closely misses the orc.
An orc priest comes into view. It is wielding a +0 trident.
You shoot a sling bullet. The sling bullet hits the orc.
The orc is moderately wounded.
The orc priest calls down the wrath of Beogh upon you.
Beogh smites you! The orc hits you with a +0 mace.
You shoot a sling bullet.
The sling bullet closely misses the orc.
The orc hits you with a +0 mace.
You shoot a sling bullet. The sling bullet hits the orc.
The orc is severely wounded.
The orc priest drinks a potion.
The orc priest flickers and vanishes!
Deactivating autopickup; reactivate with Ctrl-A.
The orc completely misses you.
You shoot a sling bullet. The sling bullet barely misses the orc.
Something hits you.
The orc hits you with a +0 mace! x2; Something hits you.
You die...

# #. #. ####)####
....o{o.# #@#
#####.####.#
########...<......#
..........#..######
########..#..# ###
#..#......#
####..#.####.#
#.....#.# #.#
#####.###.#.# #.#


You could see 2 orcs.

Vanquished Creatures
  An orc priest (D:2)
  5 adders
  5 orcs
  4 ball pythons
  5 bats
  5 endoplasms
  2 giant cockroaches
  2 goblins
  2 hobgoblins
  5 kobolds
  2 quokkas
  3 frilled lizards
  4 rats
45 creatures vanquished.

Notes
Turn   | Place    | Note
-------+----------+-------------------------------------------
     0 | D:1      | qw the Minotaur Hexslinger began the quest for the Orb.
     0 | D:1      | Reached XP level 1. HP: 16/16 MP: 1/1
     0 | D:1      | 0 ||| qw: Version: 0.3-a-46-gb1f654a
     0 | D:1      | 0 ||| qw: Game counter: 1837
     0 | D:1      | 0 ||| qw: Melee chars always use a shield: true
     0 | D:1      | 0 ||| qw: God list: Okawaru
     0 | D:1      | 0 ||| qw: Allow faded altars: false
     0 | D:1      | 0 ||| qw: Do Orc after clearing Dungeon:15 true
     0 | D:1      | 0 ||| qw: Do second Lair branch before Depths: true
     0 | D:1      | 0 ||| qw: Lair rune preference: random
     0 | D:1      | 0 ||| qw: Goals: Normal
     0 | D:1      | 0 ||| PLANNING D:1-11
    63 | D:1      | Found Kiott's Antique Armour Shop.
    71 | D:1      | 71 ||| SHOPLISTING ring mail (112 gold, have 0).
    71 | D:1      | 71 ||| SHOPLISTING shiny ring mail (196 gold, have 0).
   191 | D:1      | Reached skill level 3 in Ranged Weapons
   244 | D:1      | Reached XP level 2. HP: 23/23 MP: 2/2
   479 | D:1      | Found a faded altar of an unknown god.
   524 | D:1      | Found Leykaf's Antique Armour Emporium.
   528 | D:1      | 528 ||| SHOPLISTING glowing robe (111 gold, have 29).
   528 | D:1      | 528 ||| SHOPLISTING leather armour (60 gold, have 29).
   528 | D:1      | 528 ||| SHOPLISTING pair of boots (135 gold, have 29).
   528 | D:1      | 528 ||| SHOPLISTING ring mail (120 gold, have 29).
   616 | D:1      | Found Gumaq's Armour Boutique.
   626 | D:1      | 626 ||| BUYING +0 leather armour (28 gold).
   626 | D:1      | Bought a +0 leather armour for 28 gold pieces
   626 | D:1      | 626 ||| SHOPLISTING +0 leather armour of willpower (126
                  | gold, have 1).
   626 | D:1      | 626 ||| SHOPLISTING +0 pair of gloves (63 gold, have 1).
   626 | D:1      | 626 ||| SHOPLISTING +0 ring mail (56 gold, have 1).
   628 | D:1      | Found Gyxudaimoh's General Store.
   634 | D:1      | 634 ||| SHOPLISTING +2 robe of Responsibility {rC- Slay+5}
                  | (317 gold, have 1).
   656 | D:1      | Found Daria's General Store.
   659 | D:1      | 659 ||| SHOPLISTING scroll of enchant armour (82 gold, have
                  | 1).
   842 | D:1      | 842 ||| UPGRADING to +0 leather armour.
   852 | D:1      | 852 ||| DROPPING +0 robe.
   853 | D:1      | 853 ||| READING scroll labelled SIATTIYCKA.
   854 | D:1      | 854 ||| READING 2 scrolls labelled NIVESI PAABA.
   855 | D:1      | 855 ||| READING scroll of enchant weapon.
   855 | D:1      | 855 ||| ENCHANTING +2 sling.
   856 | D:1      | 856 ||| DROPPING scroll of poison.
  1100 | D:2      | Reached XP level 3. HP: 25/29 MP: 3/3
  1187 | D:2      | Found an ancient bone altar of Kikubaaqudgha.
  1274 | D:2      | Reached skill level 4 in Ranged Weapons
  1489 | D:2      | 1489 ||| READING scroll labelled GAECLU WOTYTA.
  1490 | D:2      | 1490 ||| READING scroll labelled TUOTWOWKIO.
  1491 | D:2      | 1491 ||| DRINKING 3 fizzy orange potions.
  1534 | D:3      | 1534 ||| STAIRDANCE
  1570 | D:3      | 1570 ||| STAIRDANCE
  1570 | D:3      | HP: 4/29 [orc/+2 hand axe of electrocution (8)]
  1572 | D:2      | 1572 ||| DRINKING 2 potions of heal wounds.
  1575 | D:2      | Reached XP level 4. HP: 18/36 MP: 4/4
  1576 | D:2      | Reached skill level 5 in Ranged Weapons
  1853 | D:3      | HP: 8/37 [orc/+0 mace (7)]
  1853 | D:3      | HP: 1/37 [orc/+0 mace (7)]
  1853 | D:3      | Slain by an orc priest

Levels and vault maps discovered:
D:1:      heliophobic_arrival_battle_scene, layout_basic, serial_shops,
          nicolae_shop_statue_plus, shop, nicolae_shop_back_alley_shop,
          nicolae_shop_tiny_real_fake_doors, shop,
          chequers_ecumenical_altar_simple_redux, dreamdust_mushroom_princess
D:2:      layout_rooms, basic_altar, chequers_arboretum
D:3:      layout_loops_ring, mrwooster_statue_mirror

Skill      XL: |  1  2  3  4 |
---------------+-------------+-----
Ranged Weapons | 3 4 5 |  5.0
Fighting       | 2 |  2.9
Dodging        | |  2.1
Spellcasting   | |  1.0
Hexes          | |  2.0

Action                     |  1- 3 |  4- 6 || total
---------------------------+-------+-------++-------
   Fire: Sling             |    86 |    38 ||   124
    Use: Scroll            |     5 |       ||     5
         Potion            |     2 |       ||     2
 Armour: Leather armour    |     6 |     3 ||     9
         Robe              |     1 |       ||     1
  Dodge: Dodged            |    32 |    13 ||    45

Table legend:
 A = Non-vault XP
 B = Vault XP
 C = Vault XP percentage of total XP
 D = Non-vault monster count
 E = Vault monster count
 F = Vault count percentage of total count
                 A         B        C        D         E       F
            +---------+---------+-------+---------+---------+-------
      Total |     178 |       0 |   0.0 |      45 |       0 |   0.0
            +---------+---------+-------+---------+---------+-------
        D:1 |      22 |       0 |   0.0 |      13 |       0 |   0.0
        D:2 |     113 |       0 |   0.0 |      22 |       0 |   0.0
        D:3 |      43 |       0 |   0.0 |      10 |       0 |   0.0
            +---------+---------+-------+---------+---------+-------
